 Dungeon Crawl Stone Soup version 0.30-a0-365-ge7f957f1db (webtiles) character file.

Game seed: 3494379821000360555

1677 gruber the Trooper (level 9, -7/66 HPs)
             Began as an Octopode Transmuter on Nov 16, 2022.
             Mangled by Maggie
             ... wielding a +0 war axe
              (9 damage)
             ... on level 7 of the Dungeon.
             The game lasted 00:04:11 (5403 turns).

gruber the Trooper (Octopode Transmuter)            Turns: 5403, Time: 00:04:12

Health: -7/66      AC:  1    Str: 13    XL:     9   Next: 1%
Magic:  12/12      EV: 15    Int: 19    God:
Gold:   420        SH:  0    Dex: 13    Spells: 11/12 levels left

rFire   + . .      SeeInvis .    q - +11 whip "Xeuhar" {flame, rElec rC+ Will- Str+4}
rCold   + + .      Faith    .    (no shield)
rNeg    . . .      Spirit   .    (helmet restricted)
rPois   +          Reflect  .    (no amulet)
rElec   +          Harm     .    s - ring of flight
rCorr   +          Rampage  .    (no ring)
Will    .....                    (no ring)
Stlth   ++........               (no ring)
HPRegen 0.31/turn                (no ring)
MPRegen 0.13/turn                (no ring)
                                 (no ring)
                                 (no ring)

@: resistant, flying, mesmerised, studying Axes
A: almost no armour, amphibious, 8 rings, camouflage 1, gelatinous body 1,
(nimble swimmer 1), tentacles
a: no special abilities


You were on level 7 of the Dungeon.
You visited 1 branch of the dungeon, and saw 7 of its levels.

You collected 420 gold pieces.

Inventory:

Hand Weapons
 q - the +11 whip "Xeuhar" (weapon) {flame, rElec rC+ Will- Str+4}
   (You found it on level 3 of the Dungeon)

   It burns those it strikes, dealing additional fire damage.
   Str:       It affects your strength (+4).
   rC:        It protects you from cold.
   rElec:     It insulates you from electricity.
   Will:      It decreases your willpower.
Jewellery
 s - a ring of flight (left tentacle)
Wands
 p - a wand of digging (3)
 x - a wand of paralysis (9)
 A - a wand of polymorph (8)
Scrolls
 b - 2 scrolls of butterflies {unknown}
 h - a scroll of amnesia {unknown}
 i - 4 scrolls of identify {unknown}
 j - 3 scrolls of magic mapping {unknown}
 l - 2 scrolls of enchant armour {unknown}
 m - 2 scrolls of poison {unknown}
 r - 2 scrolls of teleportation {unknown}
 u - 2 scrolls of fear {unknown}
 y - a scroll of immolation {unknown}
 z - a scroll of torment {unknown}
Potions
 a - a potion of lignification
 c - a potion of flight {unknown}
 d - 2 potions of resistance
 e - a potion of cancellation {unknown}
 g - 2 potions of mutation {unknown}
 k - 2 potions of ambrosia {unknown}
 n - 3 potions of magic {unknown}
 o - 3 potions of brilliance {unknown}
 t - 3 potions of might {unknown}
 v - a potion of degeneration {unknown}
 w - a potion of attraction {unknown}


   Skills:
 * Level 7.8 Fighting
 - Level 5.2 Maces & Flails
 - Level 6.1 Dodging
 - Level 3.0 Unarmed Combat
 - Level 2.0 Spellcasting
 - Level 2.0 Transmutations


You had 11 spell levels left.
You knew the following spells:

 Your Spells              Type           Power      Damage    Failure   Level
a - Beastly Appendage     Tmut           18%        N/A       8%          1

Your spell library contained the following spells:

 Spells                   Type           Power      Damage    Failure   Level
 Wereblood                Tmut           9%         N/A       11%         2
 Necrotise                Necr           4%         1d4       17%         1
 Blink                    Tloc           2%         N/A       26%         2
 Static Discharge         Conj/Air       2%         2-3/arc   26%         2
 Spider Form              Tmut/Pois      5%         N/A       32%         3
 Vampiric Draining        Necr           1%         2d6       45%         3
 Vhi's Electric Charge    Tloc/Air       2%         N/A       45%         3
 Ice Form                 Ice/Tmut       5%         N/A       73%         4
 Manifold Assault         Tloc           1%         N/A       86%         4
 Agony                    Necr           1%         N/A       99%         5
 Arcjolt                  Conj/Air       0%         1d10      99%         5
 Lightning Bolt           Conj/Air       0%         1d11      99%         5
 Simulacrum               Ice/Necr       0%         N/A       100%        6
 Storm Form               Tmut/Air       2%         N/A       100%        7
 Infestation              Necr           0%         N/A       100%        8


Dungeon Overview and Level Annotations

Branches:
Dungeon (6/15)
 Temple: D:4-7

Altars:
Okawaru
Qazlal
Uskayaw
Vehumet
Wu Jian

Annotations:
D:7 Maggie


Innate Abilities, Weirdness & Mutations

You cannot wear most types of armour.
You are amphibious.
You can wear up to eight rings at the same time.
Your skin changes colour to match your surroundings (Stealth+).
Your rubbery body absorbs attacks. (AC +1, EV +1)
((You are camouflaged when in or above water. (Stealth+)))
You have tentacles for arms and can constrict up to eight enemies at once.


Message History

The hound is heavily wounded.
You constrict the hound. The hound bites you.
The hound pauses to sniff the ground.
The hound completely misses you.
You whack the hound! You burn the hound.
You kill the hound!
Maggie zaps a wand.
You suddenly lose the ability to move!
Maggie zaps a wand.
You shrug off the repeated paralysis!
Maggie gestures wildly while chanting.
Maggie draws you further into her thrall.
Maggie says, "If you die in the Dungeon, but nobody's around to see it, does it really matter?"
Maggie hits you with a +0 war axe!
* * * LOW HITPOINT WARNING * * *
Maggie hits you with a +0 war axe!
* * * LOW HITPOINT WARNING * * *
You can move again.
Unknown command.
Unknown command.
Unknown command.
You feel better. Maggie closely misses you.
Unknown command.
You feel better. Maggie completely misses you.
You whack Maggie! You burn Maggie. You grab Maggie.
Maggie is moderately wounded.
You constrict Maggie, but do no damage. You hit Maggie. You burn Maggie.
Maggie is moderately wounded.
You constrict Maggie. Maggie barely misses you.
You completely miss Maggie. Your squeeze misses Maggie.
Maggie is moderately wounded.
You constrict Maggie. Maggie hits you with a +0 war axe.
* * * LOW HITPOINT WARNING * * *
You hit Maggie. You burn Maggie.
Maggie is heavily wounded.
You constrict Maggie. Maggie hits you with a +0 war axe!
* * * LOW HITPOINT WARNING * * *
You hit Maggie. You burn Maggie.
Maggie is heavily wounded.
You constrict Maggie. Maggie hits you with a +0 war axe!
You die...

.. ###. .... # #..
# .. #.# ..#
...######.###....#
..........@@......
......##..###....#
#....## ... ###.##
. #.# #># #.# #.#
#.#


You could see Maggie (mesmerising).

Vanquished Creatures
  A kobold demonologist (D:7)
  A steam dragon (D:7)
  An ice beast (D:6)
  2 black bears
  An ogre (D:5)
  A centaur (D:6)
  A phantom (D:4)
  3 scorpions
  A wight (D:4)
  A killer bee (D:4)
  A hound (D:7)
  A jelly (D:5)
  A gnoll bouda (D:4)
  Crazy Yiuf (D:3)
  5 iguanas
  2 orc wizards (D:6)
  5 adders
  7 gnolls
  A shadow imp (D:6)
  An ufetubus (D:5)
  2 worms (D:2)
  A dart slug (D:1)
  7 orcs
  6 ball pythons
  3 endoplasms
  3 giant cockroaches
  8 goblins
  5 hobgoblins
  5 jackals
  7 quokkas
  6 bats
  A frilled lizard (D:2)
  8 kobolds
  5 rats
105 creatures vanquished.

Vanquished Creatures (others)
  A fungus (D:3)
1 creature vanquished.

Grand Total: 106 creatures vanquished

Notes
Turn   | Place    | Note
-------+----------+-------------------------------------------
     0 | D:1      | gruber the Octopode Transmuter began the quest for the Orb.
     0 | D:1      | Reached XP level 1. HP: 13/13 MP: 3/3
   132 | D:1      | Reached skill level 2 in Fighting
   132 | D:1      | Reached XP level 2. HP: 12/19 MP: 5/5
   766 | D:2      | Reached XP level 3. HP: 24/25 MP: 6/6
   912 | D:2      | Found a radiant altar of Vehumet.
   931 | D:2      | Reached skill level 3 in Fighting
  1341 | D:2      | Reached XP level 4. HP: 21/33 MP: 7/7
  1839 | D:3      | Reached skill level 4 in Fighting
  2159 | D:3      | Identified the +11 whip "Xeuhar" {flame, rElec rC+ Will-
                  | Str+4}
  2283 | D:3      | Reached XP level 5. HP: 11/37 MP: 8/8
  2565 | D:3      | Found a runed translucent door.
  2566 | D:3      | Noticed Crazy Yiuf
  2574 | D:3      | Killed Crazy Yiuf
  2628 | D:4      | Noticed a phantom
  2636 | D:4      | Killed a phantom
  2637 | D:4      | Reached XP level 6. HP: 20/43 MP: 9/9
  2837 | D:4      | Reached skill level 5 in Dodging
  2961 | D:4      | Got the Codex of the Loathsome Compass
  3103 | D:4      | Found an ornate altar of the Wu Jian Council.
  3204 | D:4      | Reached XP level 7. HP: 48/48 MP: 10/10
  3331 | D:4      | Reached skill level 1 in Maces & Flails
  3937 | D:5      | Entered Level 5 of the Dungeon
  4246 | D:5      | Found an iron altar of Okawaru.
  4332 | D:5      | Found a stormy altar of Qazlal.
  4343 | D:5      | Reached skill level 5 in Maces & Flails
  4343 | D:5      | Reached XP level 8. HP: 54/54 MP: 11/11
  4759 | D:6      | Reached skill level 5 in Fighting
  5201 | D:6      | Found a hide-covered altar of Uskayaw.
  5201 | D:6      | Noticed a +0 hand axe
  5202 | D:6      | Noticed a +0 dagger
  5219 | D:6      | Reached skill level 6 in Fighting
  5292 | D:6      | You are sucked into a shaft and drop 1 floor!
  5376 | D:7      | Noticed a kobold demonologist
  5381 | D:7      | Noticed Maggie
  5387 | D:7      | Noticed a hellwing
  5388 | D:7      | Killed a kobold demonologist
  5389 | D:7      | Reached skill level 7 in Fighting
  5389 | D:7      | Reached XP level 9. HP: 21/65 MP: 12/12
  5391 | D:7      | Paralysed by Maggie for 5 turns
  5396 | D:7      | HP: 1/66 [Maggie/+0 war axe (13)]
  5402 | D:7      | HP: 2/66 [Maggie/+0 war axe (9)]
  5403 | D:7      | Mangled by Maggie

Illustrated notes

Levels and vault maps discovered:
D:1:      tarquinn_simple_flora_water_e, layout_loops_cross,
          hangedman_decor_riveting
D:2:      minmay_chambers_of_ones, layout_basic, basic_altar
D:3:      layout_loops_cross, uniq_crazy_yiuf_cottage
D:4:      layout_loops_ring, nicolae_overflow_hidden_temple,
          minmay_manual_macuahuitl
D:5:      layout_gridville, kennysheep_mini, old_standard_altar
D:6:      layout_basic, dancing_weapons_uskayaw
D:7:      layout_basic, mainiacjoe_overflow_swirl, temple_statues, uniq_maggie

Skill      XL: |  1  2  3  4  5  6  7  8 |
---------------+-------------------------+-----
Fighting       | 2 3 4 7 |  7.8
Dodging        | 4 5 6 |  6.1
Maces & Flails | 5 |  5.2
Unarmed Combat | |  3.0
Spellcasting   | |  2.0
Transmutations | |  2.0

Action                   |  1- 3 |  4- 6 |  7- 9 || total
-------------------------+-------+-------+-------++-------
Melee: Unarmed           |    85 |    40 |       ||   125
       Tentacles         |    18 |    13 |    14 ||    45
       Constrict         |    21 |    29 |    16 ||    66
       Kick              |     7 |    10 |       ||    17
       Punch             |     5 |     1 |     1 ||     7
       Whip              |       |    47 |    79 ||   126
 Cast: Beastly Appendage |     7 |     6 |       ||    13
  Use: Potion            |       |       |     4 ||     4
 Stab: Sleeping          |     6 |     3 |     5 ||    14
       Distracted        |     1 |       |       ||     1
Armor: Skin              |     7 |     1 |     1 ||     9
Dodge: Dodged            |    45 |    55 |    61 ||   161

Table legend: (Time is in decaauts)
 A = Elapsed time spent in this place.
 B = Non-inter-level travel time spent in this place.
 C = Inter-level travel time spent in this place.
 D = Time resting spent in this place.
 E = Time spent auto-exploring this place.
 F = Levels seen in this place.
 G = Mean time per level.
                   A        B        C        D        E       F      G
               +--------+--------+--------+--------+--------+-----+--------+
         Total |   5389 |   5204 |    185 |      0 |   4515 |   7 |  769.9 |
       Dungeon |   5389 |   5204 |    185 |      0 |   4515 |   7 |  769.9 |
               +--------+--------+--------+--------+--------+-----+--------+

Top non-repeatable levels by time:
     D:4: 1311 daAuts
     D:3: 1053 daAuts
     D:2: 824 daAuts
     D:1: 743 daAuts
     D:5: 712 daAuts
     D:6: 636 daAuts
     D:7: 108 daAuts
